 Dungeon Crawl Stone Soup version 0.26-a0-257-g47e9e61525 (webtiles) character file.

Game seed: 985774917866618437

310 BritishOli the Ducker (level 6, 0/48 HPs)
             Began as a Demonspawn Gladiator on July 10, 2020.
             Slain by an ogre
             ... wielding a +0 giant club
              (25 damage)
             ... on level 4 of the Dungeon.
             The game lasted 00:02:23 (2698 turns).

BritishOli the Ducker (Demonspawn Gladiator)        Turns: 2698, Time: 00:02:24

Health: 0/48       AC:  8    Str: 16    XL:     6   Next: 18%
Magic:  6/6        EV: 11    Int:  9    God:
Gold:   138        SH:  0    Dex: 15    Spells: 5/5 levels left

rFire    . . .     SeeInvis .   a - +1 long sword
rCold    . . .     Faith    .   (no shield)
rNeg     . . .     Spirit   .   e - +0 scale mail
rPois    .         Reflect  .   (helmet restricted)
rElec    .         Harm     .   (no cloak)
rCorr    .                      (no gloves)
MR       .....                  (no boots)
Stlth    ..........             (no amulet)
HPRegen  0.16/turn              (no ring)
MPRegen  0.10/turn              (no ring)

@: no status effects
A: horns 1, molten scales 1, powered by death 1
a: no special abilities


You were on level 4 of the Dungeon.
You were not hungry.

You visited 1 branch of the dungeon, and saw 4 of its levels.

You collected 138 gold pieces.

Inventory:

Hand Weapons
 a - a +1 long sword (weapon)
Missiles
 d - 5 throwing nets (quivered)
Armour
 b - a +0 leather armour
 c - a +0 helmet
 e - a +0 scale mail (worn)
Jewellery
 w - an uncursed ring of ice
Wands
 j - a wand of acid (7)
Scrolls
 g - a scroll of immolation
 h - a scroll of teleportation
 i - a scroll of random uselessness
 k - a scroll of enchant weapon
 l - 2 scrolls of identify
 r - a scroll of noise {unknown}
 v - a scroll of enchant armour
Potions
 m - 2 potions of curing
 n - 5 potions of heal wounds {unknown}
 p - a potion of cancellation {unknown}
 q - 2 potions of degeneration {unknown}
 s - 2 potions of flight {unknown}
 t - a potion of magic {unknown}
Comestibles
 f - 14 rations


   Skills:
 + Level 3.6 Fighting
 + Level 3.8 Long Blades
 - Level 2.0 Throwing
 + Level 2.5 Armour
 + Level 3.8 Dodging


You had 5 spell levels left.
You didn't know any spells.
Your spell library contained the following spells:

 Spells                   Type           Power        Failure   Level
 Beastly Appendage        Tmut           #.....       82%         1
 Sticks to Snakes         Tmut           #.......     91%         2
 Spider Form              Tmut/Pois      #.........   99%         3
 Ice Form                 Ice/Tmut       #.......     100%        4
 Blade Hands              Tmut           #.........   100%        5


Dungeon Overview and Level Annotations

Branches:
Dungeon (4/15)
 Temple: D:4-7

Altars:


Innate Abilities, Weirdness & Mutations

You have a pair of small horns on your head.
You are partially covered in molten scales. (AC +2)
You regenerate a little health from kills.


Message History

The ogre shouts!
An ogre is nearby!
The ogre hits you with a +0 giant club!
You hit the ogre.
The ogre is lightly wounded.
The ogre closely misses you.
You hit the ogre.
The ogre is moderately wounded.
The ogre completely misses you.
You slash the ogre!
The ogre is severely wounded.
The ogre hits you with a +0 giant club!
You are too injured to fight recklessly!
You are too injured to fight recklessly!
You are too injured to fight recklessly!
You barely miss the ogre.
The ogre is severely wounded.
The ogre hits you with a +0 giant club!!
Ouch! That really hurt!
You die...

# ######
########.# .....##
##........#
####..##
###.........#
##..####.....@####
##..>.......>O..#
##........####..#
######...# .#
###.# .# ##.# #
#.# #.


You could see an ogre.

Vanquished Creatures
  A phantom (D:4)
  An orc wizard (D:3)
  A hound (D:2)
  Jessica (D:3)
  An iguana (D:2)
  5 adders
  2 worms (D:3)
  3 dart slugs
  2 leopard geckos
  5 orcs (D:3)
  6 bats
  4 giant cockroaches
  5 goblins
  5 hobgoblins
  2 quokkas
  A ball python (D:3)
  3 frilled lizards
  8 kobolds
  7 rats
63 creatures vanquished.

Notes
Turn   | Place    | Note
-------+----------+-------------------------------------------
     0 | D:1      | BritishOli the Demonspawn Gladiator began the quest for the
                  | Orb.
     0 | D:1      | Reached XP level 1. HP: 16/16 MP: 1/1
   309 | D:1      | Gained mutation: You have a pair of small horns on your
                  | head. [demonic ancestry]
   309 | D:1      | Reached XP level 2. HP: 22/22 MP: 2/2
   789 | D:2      | Reached XP level 3. HP: 26/28 MP: 3/3
   936 | D:2      | Reached skill level 1 in Armour
  1234 | D:2      | Gained mutation: You are partially covered in molten
                  | scales. (AC +2) [demonic ancestry]
  1234 | D:2      | Reached XP level 4. HP: 34/34 MP: 4/4
  1632 | D:3      | Reached XP level 5. HP: 39/41 MP: 5/5
  1644 | D:3      | Noticed Jessica
  1649 | D:3      | Killed Jessica
  2261 | D:4      | Noticed a phantom
  2279 | D:4      | Killed a phantom
  2279 | D:4      | Gained mutation: You regenerate a little health from kills.
                  | [demonic ancestry]
  2279 | D:4      | Reached XP level 6. HP: 38/48 MP: 6/6
  2698 | D:4      | Slain by an ogre

Illustrated notes

Levels and vault maps discovered:
D:1:      enne_arrival_octagon_isle, layout_basic
D:2:      layout_basic
D:3:      layout_rooms, uniq_jessica
D:4:      layout_layer_cave

Skill      XL: |  1  2  3  4  5 |
---------------+----------------+-----
Throwing       | 2 |  2.0
Long Blades    | 3 |  3.8
Dodging        | 3 |  3.8
Armour         | 1 2 |  2.5
Fighting       | 3 |  3.6

Action                   |  1- 3 |  4- 6 || total
-------------------------+-------+-------++-------
Melee: Long sword        |    60 |   120 ||   180
       Headbutt          |    16 |    27 ||    43
  Use: Scroll            |       |     7 ||     7
  Eat: Ration            |     1 |     1 ||     2
Armor: Scale mail        |    25 |    52 ||    77
Dodge: Dodged            |    41 |    88 ||   129
       Rpst.: Long sword |    11 |    19 ||    30

Table legend:
 A = Non-vault XP
 B = Vault XP
 C = Vault XP percentage of total XP
 D = Non-vault monster count
 E = Vault monster count
 F = Vault count percentage of total count
                 A         B        C        D         E       F
            +---------+---------+-------+---------+---------+-------
      Total |     407 |      37 |   8.3 |      62 |       1 |   1.6
            +---------+---------+-------+---------+---------+-------
        D:1 |      21 |       0 |   0.0 |      12 |       0 |   0.0
        D:2 |     120 |       0 |   0.0 |      19 |       0 |   0.0
        D:3 |     149 |      37 |  19.9 |      28 |       1 |   3.4
        D:4 |     117 |       0 |   0.0 |       3 |       0 |   0.0
            +---------+---------+-------+---------+---------+-------
